 Dungeon Crawl Stone Soup version 0.28-a0-793-g31680bbd8b (webtiles) character file.

Game seed: 13237868585580263267

580 porpoise the Covert (level 7, 0/52 (60) HPs)
             Began as a Gnoll Delver on Nov 4, 2021.
             Slain by Blork the orc (7 damage)
             ... on level 4 of the Dungeon.
             The game lasted 00:13:21 (4689 turns).

porpoise the Covert (Gnoll Delver)                  Turns: 4689, Time: 00:13:22

HP:   0/52 (60)     AC:  3    Str: 13    XL:     7   Next: 36%
MP:   10/10         EV: 13    Int: 10    God:
Gold: 151           SH:  0    Dex: 13    Spells: 10/10 levels left

rFire   . . .      SeeInvis .   a - +0 short sword (elec)
rCold   . . .      Faith    .   (no shield)
rNeg    . . .      Spirit   .   o - +0 leather armour
rPois   .          Reflect  .   (no helmet)
rElec   .          Harm     .   (no cloak)
rCorr   .          Rampage  .   (no gloves)
Will    +....                   (no boots)
Stlth   ++++......              (no amulet)
HPRegen 0.17/turn               r - ring of willpower
MPRegen 0.12/turn               (no ring)

@: heavily drained
A: fangs 1, strong nose, distributed training
a: no special abilities


You were on level 4 of the Dungeon.
You visited 1 branch of the dungeon, and saw 5 of its levels.

You collected 151 gold pieces.

Inventory:

Hand Weapons
 a - a +0 short sword of electrocution (weapon)
 b - a +0 hunting sling
 t - a +0 mace
Missiles
 q - 57 arrows
 u - 16 poisoned darts (quivered)
 v - 88 sling bullets
 w - 56 stones
Armour
 o - a +0 leather armour (worn)
 s - +0 shadow dragon scales
Jewellery
 r - a ring of willpower (left hand)
Wands
 g - a wand of digging (3)
 z - a wand of acid (7)
Scrolls
 c - 2 scrolls of fog
 d - a scroll of magic mapping
 e - a scroll of fear
 i - a scroll of summoning {unknown}
 l - 2 scrolls of immolation {unknown}
 m - a scroll of amnesia {unknown}
 n - a scroll of noise {unknown}
 p - 2 scrolls of silence {unknown}
 x - a scroll of identify {unknown}
 y - a scroll of enchant armour {unknown}
Potions
 f - 2 potions of haste
 h - a potion of attraction {unknown}
 j - a potion of ambrosia {unknown}
 k - 2 potions of curing {unknown}
 A - a potion of mutation {unknown}


   Skills:
 + Level 7.0 Fighting
 + Level 2.4 Short Blades
 + Level 2.4 Long Blades
 + Level 2.4 Axes
 + Level 5.2 Maces & Flails
 + Level 2.4 Polearms
 + Level 2.4 Staves
 + Level 2.4 Slings
 + Level 2.4 Bows
 + Level 2.4 Crossbows
 + Level 2.4 Throwing
 + Level 2.4 Armour
 + Level 5.2 Dodging
 + Level 9.9 Stealth
 + Level 2.4 Shields
 + Level 2.4 Unarmed Combat
 + Level 2.4 Spellcasting
 + Level 2.0 Conjurations
 + Level 2.0 Hexes
 + Level 2.0 Summonings
 + Level 2.0 Necromancy
 + Level 2.0 Translocations
 + Level 2.0 Transmutations
 + Level 2.0 Fire Magic
 + Level 2.0 Ice Magic
 + Level 2.0 Air Magic
 + Level 2.0 Earth Magic
 + Level 2.0 Poison Magic
 + Level 2.7 Invocations
 + Level 2.4 Evocations


You had 10 spell levels left.
You didn't know any spells.
Your spell library contained the following spells:

 Spells                   Type           Power      Damage    Failure   Level
 Sting                    Tmut/Pois      20%        1d4       17%         1
 Poisonous Vapours        Pois/Air       10%        N/A       26%         2
 Ignite Poison            Fire/Tmut/Pois 5%         N/A       45%         3
 Mephitic Cloud           Conj/Pois/Air  5%         N/A       45%         3
 Olgreb's Toxic Radiance  Pois           5%         N/A       86%         4
 Freezing Cloud           Conj/Ice/Air   2%         6-21      99%         5


Dungeon Overview and Level Annotations

Branches:
Dungeon (5/15)
 Temple: D:4-7

Altars:
Gozag
Makhleb
Sif Muna
Xom

Shops:
D:2 [

Annotations:
D:4 Blork the orc
D:5 Edmund


Innate Abilities, Weirdness & Mutations

You have very sharp teeth.
Your uncanny sense of smell can sniff out nearby items.
Your experience applies equally to all skills.


Message History

Press: ? - help, Q - select action, (/) - cycle Shift-Dir - straight line, f - Blork the orc
Aim: Blork the orc, wielding a +6 dire flail of draining and wearing a +2 robe of positive energy (lightly wounded, 65% to hit)
You throw a poisoned dart. The poisoned dart hits Blork the orc.
Blork the orc is poisoned.
Blork the orc is lightly wounded.
Blork the orc screams, "I don't like you!"
Blork the orc mumbles some strange words.
Blork the orc seems to speed up.
Throw: 17 darts (poison)
Press: ? - help, Q - select action, (/) - cycle Shift-Dir - straight line, f/p - Blork the orc
Aim: Blork the orc, wielding a +6 dire flail of draining and wearing a +2 robe of positive energy (moderately wounded, fast, poisoned, 65% to hit)
You throw a poisoned dart. The poisoned dart hits Blork the orc.
Blork the orc looks even sicker.
Blork the orc is moderately wounded.
Blork the orc barely misses you.
You climb upwards.
There is a stone staircase leading down here.
You hit Blork the orc but do no damage.
Lightning courses through Blork the orc!
Blork the orc is severely wounded.
Blork the orc closely misses you. Blork the orc misses you.
You hit Blork the orc but do no damage.
Blork the orc is severely wounded.
Blork the orc looks braver for a moment.
You completely miss Blork the orc.
Blork the orc is severely wounded.
Blork the orc barely misses you.
Blork the orc hits you with a +6 dire flail of draining!!
You feel drained.
You barely miss Blork the orc.
Blork the orc is almost dead.
Blork the orc hits you with a +6 dire flail of draining.
You feel drained.
You barely miss Blork the orc.
You bite Blork the orc, but do no damage.
Blork the orc is almost dead.
Blork the orc hits you with a +6 dire flail of draining!!
* * * LOW HITPOINT WARNING * * *
You feel drained.
You die...

#..............##..#####.......##
#.####...#####.##.....o........##
..####.........#......##.......##
#.)......#######..###.###########
#.####...# #..###.# # #.####...#
#...##.########### #.##.....#####
#............##... .....#.......#
#.#.#..#####.##.## #............#
#@o....#........# ####.#..####.#
#.#......#.#.####
#.....)...##.###.###..#...#.#
#.##.#..#.........##........#
..##.#.......###[....########
.............####.####
#######.######.......# #.#
#.##.##.# ### ###.### ##.##.##.#


You could see Blork the orc (fast, very poisoned).

Vanquished Creatures
  A black bear (D:4)
  A necrophage (D:4)
  A scorpion (D:4)
  A water moccasin skeleton (D:4)
  An orc priest (D:4)
  A bullfrog skeleton (D:4)
  A hound (D:4)
  An iguana (D:4)
  3 orc wizards (D:4)
  A hound skeleton (D:4)
  An adder (D:4)
  2 worms (D:2)
  2 dart slugs (D:3)
  9 orcs
  4 ball pythons
  4 bats
  4 endoplasms
  3 giant cockroaches
  7 goblins
  5 hobgoblins
  3 jackals (D:3)
  6 kobolds
  4 quokkas
  3 frilled lizards
  A quokka skeleton (D:4)
  A rat (D:1)
71 creatures vanquished.

Vanquished Creatures (others)
  6 fungi (D:3)
  3 plants (D:3)
  3 withered plants (D:3)
12 creatures vanquished.

Grand Total: 83 creatures vanquished

Notes
Turn   | Place    | Note
-------+----------+-------------------------------------------
     0 | D:5      | Reached skill level 9 in Stealth
     0 | D:5      | porpoise the Gnoll Delver began the quest for the Orb.
     0 | D:5      | Reached XP level 1. HP: 23/23 MP: 1/1
    49 | D:5      | Noticed Blork the orc
    71 | D:5      | Noticed Edmund
   114 | D:4      | Noticed an iguana
   126 | D:4      | Noticed an orc priest
   126 | D:4      | Noticed an orc wizard
   126 | D:4      | Noticed a scorpion
   149 | D:3      | Reached XP level 2. HP: 23/29 MP: 2/2
   307 | D:3      | Found a shimmering blue altar of Sif Muna.
   322 | D:3      | Found an opulent altar of Gozag.
   659 | D:2      | Found a burning altar of Makhleb.
   693 | D:2      | Reached XP level 3. HP: 20/35 MP: 3/3
  1058 | D:2      | Found Ties Gomu's Antique Armour Shop.
  1278 | D:1      | Reached skill level 1 in Invocations
  1931 | D:2      | Reached skill level 1 in Short Blades
  1931 | D:2      | Reached skill level 1 in Long Blades
  1931 | D:2      | Reached skill level 1 in Axes
  1931 | D:2      | Reached skill level 1 in Polearms
  1931 | D:2      | Reached skill level 1 in Staves
  1931 | D:2      | Reached skill level 1 in Slings
  1931 | D:2      | Reached skill level 1 in Bows
  1931 | D:2      | Reached skill level 1 in Crossbows
  1931 | D:2      | Reached skill level 1 in Throwing
  1931 | D:2      | Reached skill level 1 in Armour
  1931 | D:2      | Reached skill level 1 in Shields
  1931 | D:2      | Reached skill level 1 in Unarmed Combat
  1931 | D:2      | Reached skill level 1 in Spellcasting
  1931 | D:2      | Reached skill level 1 in Evocations
  2056 | D:3      | Reached XP level 4. HP: 41/41 MP: 5/5
  2201 | D:3      | Found a faded altar of an unknown god.
  2904 | D:4      | Reached skill level 1 in Conjurations
  2904 | D:4      | Reached skill level 1 in Hexes
  2904 | D:4      | Reached skill level 1 in Summonings
  2904 | D:4      | Reached skill level 1 in Necromancy
  2904 | D:4      | Reached skill level 1 in Translocations
  2904 | D:4      | Reached skill level 1 in Transmutations
  2904 | D:4      | Reached skill level 1 in Fire Magic
  2904 | D:4      | Reached skill level 1 in Ice Magic
  2904 | D:4      | Reached skill level 1 in Air Magic
  2904 | D:4      | Reached skill level 1 in Earth Magic
  2904 | D:4      | Reached skill level 1 in Poison Magic
  2973 | D:4      | Reached XP level 5. HP: 45/47 MP: 6/6
  3402 | D:4      | Noticed a necrophage
  3448 | D:4      | Reached XP level 6. HP: 46/53 MP: 8/8
  3548 | D:4      | Found a shimmering altar of Xom.
  3599 | D:4      | Killed a necrophage
  3600 | D:4      | Reached skill level 5 in Maces & Flails
  3600 | D:4      | Reached skill level 5 in Dodging
  4210 | D:4      | Reached XP level 7. HP: 59/59 MP: 10/10
  4689 | D:4      | Slain by Blork the orc

Illustrated notes

Levels and vault maps discovered:
D:1:      lightli_arrival_lavapool, layout_rooms, solitary_fountain,
          grunt_decor_arrowhead, roderic_roman_lattice
D:2:      layout_loops_corners, basic_altar, serial_shops, shop
D:3:      layout_rooms, mainiacjoe_overflow_chevrons,
          mainiacjoe_overflow_six_doors_small,
          shapermc_ecumenical_altar_flowoftime
D:4:      layout_loops_cross, kennysheep_little_box
D:5:      layout_loops_ring, serial_shops, shop_statue, uniq_blork_the_orc,
          uniq_prince_ribbit1, uniq_edmund, uniq_grinder

Skill      XL: |  1  2  3  4  5  6  7 |
---------------+----------------------+-----
Stealth        | |  9.9
Invocations    | 1 2 |  2.7
Short Blades   | 1 2 |  2.4
Long Blades    | 1 2 |  2.4
Axes           | 1 2 |  2.4
Polearms       | 1 2 |  2.4
Staves         | 1 2 |  2.4
Slings         | 1 2 |  2.4
Bows           | 1 2 |  2.4
Crossbows      | 1 2 |  2.4
Throwing       | 1 2 |  2.4
Armour         | 1 2 |  2.4
Shields        | 1 2 |  2.4
Unarmed Combat | 1 2 |  2.4
Spellcasting   | 1 2 |  2.4
Evocations     | 1 2 |  2.4
Conjurations   | 1 2 |  2.0
Hexes          | 1 2 |  2.0
Summonings     | 1 2 |  2.0
Necromancy     | 1 2 |  2.0
Translocations | 1 2 |  2.0
Transmutations | 1 2 |  2.0
Fire Magic     | 1 2 |  2.0
Ice Magic      | 1 2 |  2.0
Air Magic      | 1 2 |  2.0
Earth Magic    | 1 2 |  2.0
Poison Magic   | 1 2 |  2.0
Maces & Flails | 5 |  5.2
Dodging        | 5 |  5.2
Fighting       | 7 |  7.0

Action                   |  1- 3 |  4- 6 |  7- 9 || total
-------------------------+-------+-------+-------++-------
Melee: Mace              |    84 |       |       ||    84
       Bite              |    11 |    17 |     4 ||    32
       Short sword       |    17 |   105 |    39 ||   161
       Punch             |       |     1 |       ||     1
 Fire: Hunting sling     |       |     8 |       ||     8
Throw: Dart              |       |    14 |     7 ||    21
 Stab: Sleeping          |    15 |     4 |       ||    19
       Distracted        |       |     1 |       ||     1
Armor: Leather armour    |    25 |     8 |     4 ||    37
Dodge: Dodged            |    53 |    50 |    22 ||   125

Table legend: (Time is in decaauts)
 A = Elapsed time spent in this place.
 B = Non-inter-level travel time spent in this place.
 C = Inter-level travel time spent in this place.
 D = Time resting spent in this place.
 E = Time spent auto-exploring this place.
 F = Levels seen in this place.
 G = Mean time per level.
                   A        B        C        D        E       F      G
               +--------+--------+--------+--------+--------+-----+--------+
         Total |   4709 |   4481 |    228 |   1668 |   1666 |   5 |  941.8 |
       Dungeon |   4709 |   4481 |    228 |   1668 |   1666 |   5 |  941.8 |
               +--------+--------+--------+--------+--------+-----+--------+

Top non-repeatable levels by time:
     D:4: 1587 daAuts
     D:3: 1417 daAuts
     D:2: 1071 daAuts
     D:1: 542 daAuts
     D:5: 91 daAuts
